 Dungeon Crawl Stone Soup version 0.28.0-53-g5a82cb258f (webtiles) character file.

Game seed: 11959570944311329231

91 Persephone the Shooter (level 4, -1/38 HPs)
             Began as a Minotaur Hunter on July 5, 2022.
             Slain by an orc
             ... wielding a +0 club
              (4 damage)
             ... on level 2 of the Dungeon on July 6, 2022.
             The game lasted 00:04:12 (2132 turns).

Persephone the Shooter (Minotaur Hunter)            Turns: 2132, Time: 00:04:13

Health: -1/38      AC:  3    Str: 18    XL:     4   Next: 34%
Magic:  3/3        EV: 11    Int:  8    God:
Gold:   39         SH:  0    Dex: 11    Spells: 3/3 levels left

rFire   . . .      SeeInvis .   b - +0 short sword
rCold   . . .      Faith    .   (no shield)
rNeg    . . .      Spirit   .   c - +0 leather armour
rPois   .          Reflect  .   (helmet restricted)
rElec   .          Harm     .   (no cloak)
rCorr   .          Rampage  .   (no gloves)
Will    .....                   (no boots)
Stlth   +.........              (no amulet)
HPRegen 0.12/turn               (no ring)
MPRegen 0.08/turn               (no ring)

@: no status effects
A: horns 2, retaliatory headbutt
a: no special abilities


You were on level 2 of the Dungeon.
You visited 1 branch of the dungeon, and saw 2 of its levels.

You collected 39 gold pieces.

Inventory:

Hand Weapons
 a - a +1 shortbow
 b - a +0 short sword (weapon)
Missiles
 d - 34 arrows
 l - a throwing net (quivered)
Armour
 c - a +0 leather armour (worn)
Scrolls
 e - a scroll of enchant weapon {unknown}
 i - 2 scrolls of identify {unknown}
 j - a scroll of blinking {unknown}
 m - a scroll of enchant armour {unknown}
Potions
 f - a potion of heal wounds {unknown}
 g - 2 potions of haste {unknown}
 h - a potion of magic {unknown}
 k - a potion of brilliance {unknown}


   Skills:
 + Level 3.1 Fighting
 + Level 6.2 Bows
 - Level 2.1 Dodging
 - Level 0.7 Stealth


You had 3 spell levels left.
You didn't know any spells.
Your spell library was empty.

Dungeon Overview and Level Annotations

Branches:
Dungeon (2/15)

Altars:


Innate Abilities, Weirdness & Mutations

You have a pair of horns on your head.
You reflexively headbutt those who attack you in melee.


Message History

The orc wizard flickers and vanishes!
Deactivating autopickup; reactivate with Ctrl-A.
You hit the orc.
The orc is heavily wounded.
The orc hits you with a +0 club.
You hit the orc but do no damage.
The orc is heavily wounded.
The orc barely misses you.
You hit the orc.
You kill the orc!
You hear some strange, mumbled words.
Something tries to affect you, but you resist.
The orc hits you with a +0 club.
Things that are here:
a +0 club; an orc corpse You hit something.
Something hits you. The orc barely misses you.
You closely miss something. You headbutt something. Something hits you.
The orc hits you but does no damage.
You closely miss something. Your headbutt misses something. Something hits you.
The orc hits you but does no damage.
You miss something. Something hits you. The orc hits you with a +0 club.
Something hits you.
You closely miss something. The orc hits you with a +0 club.
Something hits you.
You hit something. The orc hits you with a +0 club.
Something hits you but does no damage.
You barely miss something. Your headbutt misses something.
The orc barely misses you. Something hits you.
You hit something. The orc hits you with a +0 club. Something hits you.
* * * LOW HITPOINT WARNING * * *
You barely miss something. The orc hits you with a +0 club.
* * * LOW HITPOINT WARNING * * *
Something hits you.
* * * LOW HITPOINT WARNING * * *
You hit something.
Reactivating autopickup.
You feel a bit more experienced. The orc hits you with a +0 club.
* * * LOW HITPOINT WARNING * * *
The orc hits you with a +0 club.
You die...

.............#.#
##..##..##...#.#
#....####†.#.# #
##..## ##..#.# ##
#..# ##...#.#
.###..###....#.###
..........#.##...#
...[......#....o.# #
.###..###...####@#.#
## #..#
##...###)#.##### #
#..# ##.......[.....
.... #........#####
.##.. #......)..# .
.............#
##........#
#....)...#
#........#


You could see an orc.

Vanquished Creatures
  An orc wizard (D:2)
  3 gnolls
  An adder (D:2)
  2 worms (D:2)
  2 dart slugs (D:1)
  2 orcs (D:2)
  4 ball pythons (D:1)
  4 bats
  2 endoplasms
  3 giant cockroaches
  6 goblins
  3 hobgoblins
  2 kobolds (D:2)
  A quokka (D:2)
  2 frilled lizards (D:2)
  2 rats
40 creatures vanquished.

Notes
Turn   | Place    | Note
-------+----------+-------------------------------------------
     0 | D:1      | Persephone the Minotaur Hunter began the quest for the Orb.
     0 | D:1      | Reached XP level 1. HP: 18/18 MP: 0/0
   150 | D:1      | Reached XP level 2. HP: 25/25 MP: 1/1
   228 | D:1      | Found a faded altar of an unknown god.
   240 | D:1      | Reached skill level 5 in Bows
   752 | D:1      | Reached XP level 3. HP: 20/30 MP: 2/2
  1499 | D:2      | Reached skill level 6 in Bows
  1736 | D:2      | HP: 1/30 [gnoll/+0 halberd (9)]
  1738 | D:2      | Reached XP level 4. HP: 2/37 MP: 3/3
  2132 | D:2      | Slain by an orc

Illustrated notes

Levels and vault maps discovered:
D:1:      minmay_arrival_stone_box, layout_basic,
          hellmonk_ecumenical_altar_zigzags
D:2:      kennysheep_six_static_rooms, layout_basic, palyth_stone_intersect,
          nicolae_figureground_pulse

Skill      XL: |  1  2  3  4 |
---------------+-------------+-----
Bows           | 5 6 |  6.2
Fighting       | 3 |  3.1
Dodging        | |  2.1
Stealth        | |  0.7

Action                   |  1- 3 |  4- 6 || total
-------------------------+-------+-------++-------
Melee: Short sword       |    69 |    19 ||    88
       Headbutt          |    13 |     6 ||    19
 Fire: Shortbow          |    17 |       ||    17
 Stab: Sleeping          |     2 |       ||     2
Armor: Leather armour    |    17 |     3 ||    20
Dodge: Dodged            |    37 |     7 ||    44
